 Dungeon Crawl Stone Soup version 0.25.1-2-g60ff931df9 (webtiles) character file.

Game seed: 9855656186165589229

125 pokeman the Magician (level 4, -1/25 HPs)
             Began as a Deep Elf Wizard on Oct 23, 2020.
             Killed by divine providence
             ... invoked by an orc priest
              (10 damage)
             ... on level 3 of the Dungeon.
             The game lasted 00:05:36 (2676 turns).

pokeman the Magician (Deep Elf Wizard)              Turns: 2676, Time: 00:05:37

Health: -1/25      AC:  3    Str:  4    XL:     4   Next: 82%
Magic:  4/13       EV: 11    Int: 24    God:
Gold:   153        SH:  0    Dex: 13    Spells: 3/14 levels left

rFire    + . .     SeeInvis .   l - +0 whip (curse)
rCold    x . .     Gourm    .   (no shield)
rNeg     . . .     Faith    .   k - +0 leather armour
rPois    +         Spirit   .   b - +0 hat
rElec    .         Reflect  .   (no cloak)
rCorr    .         Harm     .   (no gloves)
MR       .....                  (no boots)
Stlth    ++........             (no amulet)
HPRegen  0.08/turn              a - ring of fire
MPRegen  0.13/turn              p - ring of poison resistance

@: very slightly contaminated
A: no striking features
a: no special abilities


You were on level 3 of the Dungeon.
You were not hungry.

You visited 1 branch of the dungeon, and saw 3 of its levels.

You collected 153 gold pieces.

Inventory:

Hand Weapons
 l - a cursed +0 whip (weapon)
Armour
 b - a +0 hat (worn)
 k - a +0 leather armour (worn)
 q - a +0 helmet
Jewellery
 a - a ring of fire (left hand)
 p - a ring of poison resistance (right hand)
Scrolls
 c - 5 scrolls of remove curse {unknown}
 e - 2 scrolls of identify {unknown}
 f - a scroll of fog {unknown}
 g - a scroll of noise {unknown}
 h - a scroll of enchant weapon {unknown}
 n - a scroll of random uselessness {unknown}
 o - a scroll of blinking {unknown}
 r - a scroll of teleportation {unknown}
Potions
 i - 2 potions of curing {unknown}
 j - 2 potions of haste {unknown}
Comestibles
 d - 7 rations
 m - 9 chunks of flesh


   Skills:
 - Level 1.0 Fighting
 - Level 1.0 Armour
 - Level 2.4 Dodging
 - Level 2.4 Stealth
 * Level 5.8 Spellcasting
 * Level 2.7 Conjurations
 - Level 1.1 Summonings
 - Level 1.1 Translocations
 + Level 0.8 Fire Magic
 + Level 0.8 Air Magic


You had 3 spell levels left.
You knew the following spells:

 Your Spells              Type           Power        Failure   Level  Hunger
a - Magic Dart            Conj           ###.         4%          1    None
b - Mephitic Cloud        Conj/Pois/Air  ##......     26%         3    #......
c - Call Imp              Summ           ##......     14%         2    None
d - Blink                 Tloc           N/A          14%         2    None
e - Conjure Flame         Conj/Fire      ###.....     21%         3    #......

Your spell library contained the following spells:

 Spells                   Type           Power        Failure   Level  Hunger
 Slow                     Hex            #.......     22%         2    None


Dungeon Overview and Level Annotations

Branches:
Dungeon (3/15)

Altars:


Message History

An orc comes into view. It is wielding a -2 flail.
Casting: Magic Dart (safe; 4% risk of failure)
Confirm with . or Enter, or press ? or * to list all spells.
Aiming: Magic Dart (safe; 4% risk of failure)
Press: ? - help, Shift-Dir - straight line, f/p - hobgoblin
Aim: a hobgoblin, wielding a +0 club The magic dart hits the hobgoblin!
You kill the hobgoblin!
Casting: Magic Dart (safe; 4% risk of failure)
Confirm with . or Enter, or press ? or * to list all spells.
The spell is extremely dangerous to cast (26% risk of failure)!
Continue anyway?
Aiming: Mephitic Cloud (extremely dangerous; 26% risk of failure)
Press: ? - help, Shift-Dir - straight line, f - orc priest
Aim: an orc priest, wielding a +0 trident and wearing a cursed +0 ring mail You miscast Mephitic Cloud.
You are very lightly contaminated with residual magic.
Nothing appears to happen.
The orc priest invokes the aid of Beogh against you.
Beogh smites you!
You die...

#....# #. #....# #.
##...# #####. ##.##
..... #(# #... #.#
#.. #.#
#.###..############.#
#......)@...........#
#####.o##############
#.. .... ####. #. #.
..


You could see an orc priest.

Vanquished Creatures
  3 gnolls (D:3)
  An adder (D:3)
  3 oozes (D:2)
  2 worms (D:2)
  A dart slug (D:1)
  3 leopard geckos
  6 orcs (D:3)
  4 bats
  3 giant cockroaches
  3 goblins
  10 hobgoblins
  4 jackals (D:3)
  5 kobolds
  A quokka (D:3)
  2 ball pythons (D:1)
  3 frilled lizards
  4 rats
58 creatures vanquished.

Notes
Turn   | Place    | Note
-------+----------+-------------------------------------------
     0 | D:1      | pokeman the Deep Elf Wizard began the quest for the Orb.
     0 | D:1      | Reached XP level 1. HP: 10/10 MP: 7/7
   222 | D:1      | Reached XP level 2. HP: 15/15 MP: 4/9
   677 | D:1      | Reached skill level 5 in Spellcasting
  1114 | D:2      | Reached XP level 3. HP: 16/20 MP: 2/11
  1136 | D:2      | Learned a level 3 spell: Mephitic Cloud
  1139 | D:2      | Learned a level 2 spell: Call Imp
  1142 | D:2      | Learned a level 2 spell: Blink
  1146 | D:2      | Learned a level 3 spell: Conjure Flame
  1787 | D:2      | Reached skill level 1 in Fighting
  2005 | D:2      | Reached skill level 1 in Armour
  2265 | D:3      | Reached XP level 4. HP: 11/25 MP: 1/13
  2676 | D:3      | Killed from afar by an orc priest

Illustrated notes

Levels and vault maps discovered:
D:1:      psy_arrival_basics, layout_basic
D:2:      minmay_evil_eye, layout_loops_ring, first_ration
D:3:      layout_loops_corners, gup_sewer_entry_bubbles

Skill      XL: |  1  2  3 |
---------------+----------+-----
Spellcasting   | 5 |  5.8
Fighting       | 1 |  1.0
Armour         | 1 |  1.0
Conjurations   | 2 |  2.7
Dodging        | |  2.4
Stealth        | |  2.4
Summonings     | |  1.1
Translocations | |  1.1
Fire Magic     | |  0.8
Air Magic      | |  0.8

Action                   |  1- 3 |  4- 6 || total
-------------------------+-------+-------++-------
Melee: Whip              |    16 |    11 ||    27
       Unarmed           |    11 |       ||    11
 Cast: Magic Dart        |   118 |    36 ||   154
       Mephitic Cloud    |       |     2 ||     2
 Stab: Confused          |       |     3 ||     3
  Eat: Chunk             |     4 |     1 ||     5
Armor: Leather armour    |    31 |     1 ||    32
Dodge: Dodged            |    48 |    11 ||    59
